[Event "GambitGuide"]
[Site "Internet Chess Club"]
[Date "2014.10.30"]
[Round "1"]
[White "JSBach"]
[Black "UCantBeatMario"]
[Result "1-0"]
[ICCResult "Black resigns"]
[WhiteElo "1682"]
[BlackElo "2794"]
[Opening "Vienna: `Frankenstein-Dracula' variation"]
[ECO "C27"]
[NIC "VG.02"]
[Time "20:46:57"]
[TimeControl "120+12"]

1. e4 e5 2. Nc3 Nf6 3. Bc4 Nxe4 4. Qh5 Nd6 5. Bb3 Nc6 6. Nb5 g6 7. Qf3 f5 8.
Qd5 Qe7 9. Nxc7+ Kd8 10. Nxa8 b6 11. Ba4 Bb7 12. Nxb6 axb6 13. Qb3 Kc7 14.
Ne2 Qh4 15. O-O e4 16. Re1 Bg7 17. d4 g5 18. g3 Qh5 19. Be3 Rg8 20. Qxg8
{Black resigns}
1-0

[Event "GambitGuide"]
[Site "Internet Chess Club"]
[Date "2014.10.30"]
[Round "1"]
[White "JSBach"]
[Black "UCantBeatMario"]
[Result "1-0"]
[ICCResult "Black resigns"]
[WhiteElo "1682"]
[BlackElo "2794"]
[Opening "Vienna: `Frankenstein-Dracula' variation"]
[ECO "C27"]
[NIC "VG.02"]
[Time "20:47:27"]
[TimeControl "120+12"]

1. e4 e5 2. Nc3 Nf6 3. Bc4 Nxe4 4. Qh5 Nd6 5. Bb3 Nc6 6. Nb5 g6 7. Qf3 f5 8.
Qd5 Qe7 9. Nxc7+ Kd8 10. Nxa8 b6 11. Ba4 Bb7 12. Nxb6 axb6 13. Qb3 Kc8 14.
Qxb6 {Black resigns} 1-0

[Event "GambitGuide"]
[Site "Internet Chess Club"]
[Date "2014.10.30"]
[Round "1"]
[White "JSBach"]
[Black "chelsee"]
[Result "1-0"]
[ICCResult "Black checkmated"]
[WhiteElo "1682"]
[BlackElo "1706"]
[Opening "Vienna: `Frankenstein-Dracula' variation"]
[ECO "C27"]
[NIC "VG.02"]
[Time "20:46:36"]
[TimeControl "120+12"]

1. e4 e5 2. Nc3 Nf6 3. Bc4 Nxe4 4. Qh5 Nd6 5. Bb3 Nc6 6. Nb5 g6 7. Qf3 f5 8.
Qd5 Qe7 9. Nxc7+ Kd8 10. Nxa8 b6 11. Ba4 Ne4 12. Bxc6 Bh6 13. Nf3 Nxf2 14.
Kxf2 e4 15. Re1 Rf8 16. d3 Qc5+ 17. Qxc5 bxc5 18. Bxh6 Rf7 19. Bd5 Re7 20.
Bg5 Ke8 21. Nc7+ Kd8 22. Bxe7+ Kxc7 23. dxe4 d6 24. e5 dxe5 25. Nxe5 Kb6 26.
Nc4+ Kb5 27. Nd6+ Kb4 28. c3+ Ka4 29. Bc6+ Ka5 30. Bd8+ Ka6 31. Bb5#
{Black checkmated}
1-0

[Event "GambitGuide"]
[Site "Internet Chess Club"]
[Date "2014.10.30"]
[Round "1"]
[White "JSBach"]
[Black "UCantBeatMario"]
[Result "1-0"]
[ICCResult "Black resigns"]
[WhiteElo "1682"]
[BlackElo "2794"]
[Opening "Vienna: `Frankenstein-Dracula' variation"]
[ECO "C27"]
[NIC "VG.02"]
[Time "20:47:36"]
[TimeControl "120+12"]

1. e4 e5 2. Nc3 Nf6 3. Bc4 Nxe4 4. Qh5 Nd6 5. Bb3 Nc6 6. Nb5 g6 7. Qf3 f5 8.
Qd5 Qe7 9. Nxc7+ Kd8 10. Nxa8 b6 11. Ba4 Bb7 12. Nxb6 axb6 13. Qb3 Kc7 14.
Ne2 Qh4 15. O-O g5 16. Re1 Bg7 17. d3 e4 18. Be3 {Black resigns} 1-0

[Event "GambitGuide"]
[Site "Internet Chess Club"]
[Date "2014.10.30"]
[Round "1"]
[White "JSBach"]
[Black "RST2003"]
[Result "1-0"]
[ICCResult "Black resigns"]
[WhiteElo "1682"]
[BlackElo "1765"]
[Opening "Vienna: `Frankenstein-Dracula' variation"]
[ECO "C27"]
[NIC "VG.02"]
[Time "20:46:57"]
[TimeControl "120+12"]

1. e4 e5 2. Nc3 Nf6 3. Bc4 Nxe4 4. Qh5 Nd6 5. Bb3 Nc6 6. Nb5 g6 7. Qf3 f5 8.
Qd5 Qe7 9. Nxc7+ Kd8 10. Nxa8 b6 11. Ba4 Nb4 12. Qb3 Na6 13. Bb5 Nc5 14. Qb4
Bg7 15. Be2 e4 16. Nxb6 axb6 17. Qxb6+ Ke8 18. Qxc5 {Black resigns} 1-0

[Event "GambitGuide"]
[Site "Internet Chess Club"]
[Date "2014.10.30"]
[Round "1"]
[White "JSBach"]
[Black "UCantBeatMario"]
[Result "0-1"]
[ICCResult "White checkmated"]
[WhiteElo "1682"]
[BlackElo "2794"]
[Opening "Vienna: `Frankenstein-Dracula' variation"]
[ECO "C27"]
[NIC "VG.02"]
[Time "20:47:56"]
[TimeControl "120+12"]

1. e4 e5 2. Nc3 Nf6 3. Bc4 Nxe4 4. Qh5 Nd6 5. Bb3 Nc6 6. Nb5 g6 7. Qf3 f5 8.
Qd5 Qe7 9. Nxc7+ Kd8 10. Nxa8 b6 11. Ba4 Bb7 12. Nxb6 axb6 13. Qb3 Kc7 14.
Ne2 Qh4 15. O-O e4 16. Re1 Bg7 17. d4 g5 18. a3 f4 19. d5 Na5 20. Qa2 Be5
21. g3 Qh3 22. Bd2 f3 23. Nf4 gxf4 24. Qc4+ Ndxc4 25. d6+ Bxd6 26. Bc3 Qg2#
{White checkmated}
0-1

[Event "GambitGuide"]
[Site "Internet Chess Club"]
[Date "2014.10.30"]
[Round "1"]
[White "JSBach"]
[Black "regolus"]
[Result "1-0"]
[ICCResult "Black resigns"]
[WhiteElo "1682"]
[BlackElo "1683"]
[Opening "Vienna: `Frankenstein-Dracula' variation"]
[ECO "C27"]
[NIC "VG.02"]
[Time "20:46:50"]
[TimeControl "120+12"]

1. e4 e5 2. Nc3 Nf6 3. Bc4 Nxe4 4. Qh5 Nd6 5. Bb3 Nc6 6. Nb5 g6 7. Qf3 f5 8.
Qd5 Qe7 9. Nxc7+ Kd8 10. Nxa8 b6 11. Ba4 Bb7 12. Nxb6 axb6 13. Qb3 Nd4 14.
Qxb6+ Ke8 15. Kf1 Nc4 16. Qxb7 Kf7 17. c3 Nc6 18. Bxc6 dxc6 19. Qxc6 Nd6 20.
Qd5+ Kg7 21. Nf3 Ne4 22. Qxe5+ {Black resigns} 1-0

[Event "GambitGuide"]
[Site "Internet Chess Club"]
[Date "2014.10.30"]
[Round "1"]
[White "JSBach"]
[Black "chelsee"]
[Result "1-0"]
[ICCResult "Black checkmated"]
[WhiteElo "1682"]
[BlackElo "1706"]
[Opening "Vienna: `Frankenstein-Dracula' variation"]
[ECO "C27"]
[NIC "VG.02"]
[Time "20:47:48"]
[TimeControl "120+12"]

1. e4 e5 2. Nc3 Nf6 3. Bc4 Nxe4 4. Qh5 Nd6 5. Bb3 Nc6 6. Nb5 g6 7. Qf3 f5 8.
Qd5 Qe7 9. Nxc7+ Kd8 10. Nxa8 b6 11. Ba4 Bg7 12. Bxc6 Re8 13. Nxb6 e4 14.
Qa5 Nb7 15. Bxb7 Bxb7 16. Nd5+ Kc8 17. Qc7# {Black checkmated} 1-0

[Event "GambitGuide"]
[Site "Internet Chess Club"]
[Date "2014.10.30"]
[Round "1"]
[White "JSBach"]
[Black "CairnTerrier"]
[Result "1-0"]
[ICCResult "Black resigns"]
[WhiteElo "1682"]
[BlackElo "1232"]
[Opening "Vienna: `Frankenstein-Dracula' variation"]
[ECO "C27"]
[NIC "VG.02"]
[Time "20:47:06"]
[TimeControl "120+12"]

1. e4 e5 2. Nc3 Nf6 3. Bc4 Nxe4 4. Qh5 Nd6 5. Bb3 Nc6 6. Nb5 g6 7. Qf3 f5 8.
Qd5 Qe7 9. Nxc7+ Kd8 10. Nxa8 b6 11. Ba4 Nd4 12. f4 exf4+ 13. Kd1 Bg7 14. g4
Bb7 15. Nxb6 Bxd5 16. Nxd5 Qe5 17. Nb4 fxg4 18. Nd3 Qe4 19. Nf2 Qd5 20. d3
g3 21. hxg3 fxg3 22. Ne4 Re8 23. Rxh7 Rxe4 24. dxe4 Qf7 25. Bf4 Qg8 26. Rxg7
Qxg7 27. Bxd6 Qf6 28. Bxg3 Qf1+ 29. Be1 Nf3 30. Nxf3 Qxf3+ 31. Kd2 g5 32. b3
g4 33. Bh4+ Kc7 34. Re1 g3 35. Re3 Qf2+ 36. Kd3 Qf1+ 37. Kd4 g2 38. Bg3+ Kd8
39. Bh2 Qd1+ 40. Kc3 Qe1+ 41. Rxe1 {Black resigns} 1-0

[Event "GambitGuide"]
[Site "Internet Chess Club"]
[Date "2014.10.30"]
[Round "1"]
[White "JSBach"]
[Black "Heian"]
[Result "1-0"]
[ICCResult "Black resigns"]
[WhiteElo "1682"]
[BlackElo "1562"]
[Opening "Vienna: `Frankenstein-Dracula' variation"]
[ECO "C27"]
[NIC "VG.02"]
[Time "20:45:22"]
[TimeControl "120+12"]

1. e4 e5 2. Nc3 Nf6 3. Bc4 Nxe4 4. Qh5 Nd6 5. Bb3 Nc6 6. Nb5 g6 7. Qf3 f5 8.
Qd5 Qe7 9. Nxc7+ Kd8 10. Nxa8 b6 11. Ba4 Bb7 12. Nxb6 axb6 13. Qb3 Nc8 14.
a3 Bg7 15. Ne2 Re8 16. Qf3 e4 17. Qh3 Bh8 18. Qh6 Ne5 19. O-O Ng4 20. Qh3
Qe5 21. Qxh7 Ne7 22. Re1 Qd5 23. Bb3 Qc6 24. h3 e3 25. f3 exd2 26. Bxd2 Nf6
27. Qh6 Nh5 28. Bf7 Bg7 29. Qe3 Rf8 30. Ba2 Nd5 31. Bxd5 Qxd5 32. Qxb6+ Kc8
33. Bc3 Bxc3 34. Nxc3 Qc6 35. Qa7 Nf4 36. Rad1 Nxh3+ 37. gxh3 Qxf3 38. Qc5+
Bc6 39. Qxf8+ Kb7 40. Qb4+ Kc7 41. Qd6+ Kc8 42. Re8+ Kb7 43. Qxg6 Qh1+ 44.
Kf2 Qh2+ 45. Ke1 Qh1+ 46. Kd2 Qh2+ 47. Ne2 Bf3 48. Qxf5 Qxe2+ 49. Rxe2
{Black resigns}
1-0

[Event "GambitGuide"]
[Site "Internet Chess Club"]
[Date "2014.10.30"]
[Round "1"]
[White "JSBach"]
[Black "Heian"]
[Result "1-0"]
[ICCResult "Black resigns"]
[WhiteElo "1682"]
[BlackElo "1562"]
[Opening "Vienna: `Frankenstein-Dracula' variation"]
[ECO "C27"]
[NIC "VG.02"]
[Time "20:48:45"]
[TimeControl "120+12"]

1. e4 e5 2. Nc3 Nf6 3. Bc4 Nxe4 4. Qh5 Nd6 5. Bb3 Nc6 6. Nb5 g6 7. Qf3 f5 8.
Qd5 Qe7 9. Nxc7+ Kd8 10. Nxa8 b6 11. Ba4 Bb7 12. Nxb6 axb6 13. Qb3 Kc7 14.
Ne2 Nc8 15. Qc4 e4 16. d4 exd3 17. cxd3 Bg7 18. Bf4+ d6 19. Bxc6 Bxc6 20.
Rc1 Na7 21. Qa6 Re8 22. Qxa7+ {Black resigns} 1-0

[Event "GambitGuide"]
[Site "Internet Chess Club"]
[Date "2014.10.30"]
[Round "1"]
[White "JSBach"]
[Black "Heian"]
[Result "1-0"]
[ICCResult "Black resigns"]
[WhiteElo "1682"]
[BlackElo "1562"]
[Opening "Vienna: `Frankenstein-Dracula' variation"]
[ECO "C27"]
[NIC "VG.02"]
[Time "20:49:25"]
[TimeControl "120+12"]

1. e4 e5 2. Nc3 Nf6 3. Bc4 Nxe4 4. Qh5 Nd6 5. Bb3 Nc6 6. Nb5 g6 7. Qf3 f5 8.
Qd5 Qe7 9. Nxc7+ Kd8 10. Nxa8 b6 11. Ba4 Bb7 12. Nxb6 axb6 13. Qb3 Kc7 14.
Ne2 e4 15. Qd5 Bg7 16. Qb3 Re8 17. Nc3 Nc8 18. Nd5+ {Black resigns} 1-0

[Event "GambitGuide"]
[Site "Internet Chess Club"]
[Date "2014.10.30"]
[Round "1"]
[White "JSBach"]
[Black "CairnTerrier"]
[Result "0-1"]
[ICCResult "White checkmated"]
[WhiteElo "1682"]
[BlackElo "1232"]
[Opening "Vienna: `Frankenstein-Dracula' variation"]
[ECO "C27"]
[NIC "VG.02"]
[Time "20:48:40"]
[TimeControl "120+12"]

1. e4 e5 2. Nc3 Nf6 3. Bc4 Nxe4 4. Qh5 Nd6 5. Bb3 Nc6 6. Nb5 g6 7. Qf3 f5 8.
Qd5 Qe7 9. Nxc7+ Kd8 10. Nxa8 b6 11. Ba4 Nd4 12. f4 exf4+ 13. Kd1 Bg7 14. g4
Bb7 15. Nxb6 Bxd5 16. Nxd5 Qe6 17. c4 fxg4 18. d3 Nf3 19. Nxf3 gxf3 20. Nxf4
Qf5 21. Bc2 Qg4 22. h3 Qg3 23. Bb3 Be5 24. Nd5 f2 25. Kc2 Qg1 26. Bf4 Qg2
27. Rhf1 Bxf4 28. Nxf4 Qf3 29. c5 Nb5 30. Bd5 Qxf4 31. Be4 Nd4+ 32. Kd1 g5
33. Rc1 h5 34. Rc3 g4 35. Rc4 Qe3 36. Rxd4 Qxd4 37. hxg4 hxg4 38. c6 dxc6
39. Kc2 Rg8 40. Bxc6 g3 41. Bg2 Rg4 42. b3 Rh4 43. Be4 Rh2 44. a4 g2 45.
Bxg2 Rxg2 46. Kd2 Rg1 47. Ke2 Rg2 48. a5 Qe5+ 49. Kd2 Qf4+ 50. Kd1 Qe3 51.
Rxf2 Qxf2 52. Kc1 Qc2# {White checkmated} 0-1

[Event "GambitGuide"]
[Site "Internet Chess Club"]
[Date "2014.10.30"]
[Round "1"]
[White "JSBach"]
[Black "chelsee"]
[Result "1/2-1/2"]
[ICCResult "Game drawn by repetition"]
[WhiteElo "1682"]
[BlackElo "1706"]
[Opening "Vienna: `Frankenstein-Dracula' variation"]
[ECO "C27"]
[NIC "VG.02"]
[Time "20:48:31"]
[TimeControl "120+12"]

1. e4 e5 2. Nc3 Nf6 3. Bc4 Nxe4 4. Qh5 Nd6 5. Bb3 Nc6 6. Nb5 g6 7. Qf3 f5 8.
Qd5 Qe7 9. Nxc7+ Kd8 10. Nxa8 b6 11. Ba4 Nd4 12. f4 exf4+ 13. Kd1 Qe4 14.
Qxe4 Nxe4 15. Ke1 Bb7 16. d3 Nc5 17. Bxf4 Bxa8 18. Be5 Nxa4 19. Bxd4 Rg8 20.
Kf2 Bc5 21. Bxc5 Nxc5 22. b4 Na4 23. Ne2 g5 24. Nd4 Nc3 25. a3 g4 26. Rae1
f4 27. Rhf1 f3 28. gxf3 gxf3 29. Nxf3 Rf8 30. Ke3 Nd5+ 31. Ke2 Nc3+ 32. Kd2
Nb5 33. Ng5 Rg8 34. Nxh7 Nd4 35. Ng5 Rxg5 36. Rf8+ Kc7 37. Rxa8 Nf3+ 38. Ke2
Nxe1 39. Kxe1 Rg2 40. Rxa7+ Kc6 41. h4 Rxc2 42. d4 Rh2 43. d5+ Kxd5 44.
Rxd7+ Kc6 45. Rd4 b5 46. Rg4 Kd6 47. Rg5 Rxh4 48. Rxb5 Rh3 49. a4 Kc6 50.
Rc5+ Kb6 51. a5+ Ka6 52. Rc6+ Ka7 53. b5 Rh5 54. Ra6+ Kb7 55. Rb6+ Ka7 56.
Kd2 Rd5+ 57. Kc3 Rg5 58. Kb4 Rg4+ 59. Kc5 Rg5+ 60. Kc4 Rg4+ 61. Kd5 Rg5+ 62.
Kc4 Rg4+ 63. Kc5 Rg5+ 64. Kd4 Rg4+ 65. Kc5 Rg5+ 66. Kb4 Rg4+ 67. Kc5 Rg5+
68. Kc4 Rg4+ 69. Kc5 Rg5+ 70. Kd4 Rg4+ 71. Kc5 Rg5+ 72. Kc4 Rg4+ 73. Kc5
Rg5+ 74. Kd4 Rg4+ 75. Kc5 Rg5+ 76. Kc4 Rg4+ 77. Kc5 {Game drawn by
repetition} 1/2-1/2

[Event "GambitGuide"]
[Site "Internet Chess Club"]
[Date "2014.10.30"]
[Round "1"]
[White "JSBach"]
[Black "isolani"]
[Result "1-0"]
[ICCResult "Black resigns"]
[WhiteElo "1682"]
[BlackElo "1254"]
[Opening "Vienna: `Frankenstein-Dracula' variation"]
[ECO "C27"]
[NIC "VG.02"]
[Time "20:49:09"]
[TimeControl "120+12"]

1. e4 e5 2. Nc3 Nf6 3. Bc4 Nxe4 4. Qh5 Nd6 5. Bb3 Nc6 6. Nb5 g6 7. Qf3 f5 8.
Qd5 Qe7 9. Nxc7+ Kd8 10. Nxa8 b6 11. Ba4 Bb7 12. Nxb6 axb6 13. Qb3 Nc8 14.
Ne2 Na5 15. Qh3 Qb4 16. Nc3 Be7 17. O-O Nd6 18. Re1 e4 19. a3 Qd4 20. d3
exd3 21. Be3 Qf6 22. Bxb6+ {Black resigns} 1-0

[Event "GambitGuide"]
[Site "Internet Chess Club"]
[Date "2014.10.30"]
[Round "1"]
[White "JSBach"]
[Black "Heian"]
[Result "0-1"]
[ICCResult "White checkmated"]
[WhiteElo "1682"]
[BlackElo "1562"]
[Opening "Vienna: `Frankenstein-Dracula' variation"]
[ECO "C27"]
[NIC "VG.02"]
[Time "20:49:54"]
[TimeControl "120+12"]

1. e4 e5 2. Nc3 Nf6 3. Bc4 Nxe4 4. Qh5 Nd6 5. Bb3 Nc6 6. Nb5 g6 7. Qf3 f5 8.
Qd5 Qe7 9. Nxc7+ Kd8 10. Nxa8 b6 11. Ba4 Bb7 12. Nxb6 axb6 13. Qb3 Kc7 14.
Ne2 Nd4 15. Nxd4 exd4+ 16. Kf1 Bg7 17. a3 Re8 18. Qe3 dxe3 19. dxe3 Ba6+ 20.
Kg1 f4 21. Rb1 fxe3 22. Bxe3 Nc4 23. Rd1 Nxe3 24. Rxd7+ Qxd7 25. Bxd7 Kxd7
26. fxe3 Rxe3 27. Kf2 Bd4 28. Rd1 Rd3+ 29. Ke1 Bf2+ 30. Ke2 Rxd1+ 31. Kxd1
Bf1 32. g4 Bg2 33. Ke2 Bd4 34. c3 Be5 35. h4 Bg3 36. h5 gxh5 37. gxh5 Bh3
38. Kf3 Bh4 39. Kf4 Ke6 40. a4 Bf5 41. c4 Kf6 42. b3 Bg5+ 43. Kf3 Ke5 44.
Kg3 h6 45. b4 Kd4 46. c5 bxc5 47. bxc5 Kxc5 48. Kf2 Kb4 49. Kf3 Kxa4 50. Kg3
Kb4 51. Kf3 Kc4 52. Kg3 Kd3 53. Kf3 Kd4 54. Kg3 Ke3 55. Kg2 Bf4 56. Kh1 Bg4
57. Kg1 Bh3 58. Kh1 Ke2 59. Kg1 Kf3 60. Kh1 Bg3 61. Kg1 Bg4 62. Kh1 Bxh5 63.
Kg1 Bg4 64. Kh1 Bh3 65. Kg1 Ke2 66. Kh1 Bf4 67. Kg1 Bg4 68. Kg2 h5 69. Kg1
h4 70. Kh1 h3 71. Kg1 Be3+ 72. Kh1 Bf3+ 73. Kh2 Bg2 74. Kg3 Bg1 75. Kf4 h2
76. Ke5 h1=Q 77. Kd6 Qh7 78. Ke6 Bh3+ 79. Kf6 Bd4+ 80. Kg5 Qg7+ 81. Kh5 Bg4+
82. Kh4 Bf2# {White checkmated} 0-1

[Event "GambitGuide"]
[Site "Internet Chess Club"]
[Date "2014.10.30"]
[Round "1"]
[White "JSBach"]
[Black "chelsee"]
[Result "1-0"]
[ICCResult "Black resigns"]
[WhiteElo "1682"]
[BlackElo "1706"]
[Opening "Vienna: `Frankenstein-Dracula' variation"]
[ECO "C27"]
[NIC "VG.02"]
[Time "20:51:29"]
[TimeControl "120+12"]

1. e4 e5 2. Nc3 Nf6 3. Bc4 Nxe4 4. Qh5 Nd6 5. Bb3 Nc6 6. Nb5 g6 7. Qf3 f5 8.
Qd5 Qe7 9. Nxc7+ Kd8 10. Nxa8 b6 11. Ba4 Nd4 12. f4 exf4+ 13. Kd1 Bb7 14.
Qxd4 Bxa8 15. Nf3 Bxf3+ 16. gxf3 Rg8 17. Bb3 Bg7 18. Qxf4 Rf8 19. Re1 Qf6
20. Qa4 a5 21. Bd5 Qh4 22. Qxh4+ g5 23. Qxg5+ Bf6 24. Qh6 Kc7 25. Qxf8 Nc4
26. Qxf6 Nxb2+ 27. Bxb2 d6 28. Re7+ {Black resigns} 1-0

[Event "GambitGuide"]
[Site "Internet Chess Club"]
[Date "2014.10.30"]
[Round "1"]
[White "JSBach"]
[Black "CairnTerrier"]
[Result "1-0"]
[ICCResult "Black resigns"]
[WhiteElo "1682"]
[BlackElo "1232"]
[Opening "Vienna: `Frankenstein-Dracula' variation"]
[ECO "C27"]
[NIC "VG.02"]
[Time "20:52:19"]
[TimeControl "120+12"]

1. e4 e5 2. Nc3 Nf6 3. Bc4 Nxe4 4. Qh5 Nd6 5. Bb3 Nc6 6. Nb5 g6 7. Qf3 f5 8.
Qd5 Qe7 9. Nxc7+ Kd8 10. Nxa8 b6 11. Ba4 Nd4 12. f4 exf4+ 13. Kd1 Bg7 14. g4
Bb7 15. Nxb6 Bxd5 16. Nxd5 Qe6 17. c4 fxg4 18. d3 Re8 19. Bd2 f3 20. Ba5+
Kc8 21. Nf4 Qe3 22. Bd2 Qe5 23. c5 Nf7 24. c6 dxc6 25. Rc1 Kc7 26. Be3 Qxe3
27. Nd5+ {Black resigns} 1-0

[Event "GambitGuide"]
[Site "Internet Chess Club"]
[Date "2014.10.30"]
[Round "1"]
[White "JSBach"]
[Black "CairnTerrier"]
[Result "1-0"]
[ICCResult "Black resigns"]
[WhiteElo "1682"]
[BlackElo "1232"]
[Opening "Vienna: `Frankenstein-Dracula' variation"]
[ECO "C27"]
[NIC "VG.02"]
[Time "20:53:18"]
[TimeControl "120+12"]

1. e4 e5 2. Nc3 Nf6 3. Bc4 Nxe4 4. Qh5 Nd6 5. Bb3 Nc6 6. Nb5 g6 7. Qf3 f5 8.
Qd5 Qe7 9. Nxc7+ Kd8 10. Nxa8 b6 11. Ba4 Nd4 12. f4 exf4+ 13. Kd1 Bg7 14. g4
Bb7 15. Nxb6 Bxd5 16. Nxd5 Qe5 17. Nb4 Re8 18. Nd3 Qe4 19. Bxd7 Kxd7 20.
Nc5+ {Black resigns} 1-0

[Event "GambitGuide"]
[Site "Internet Chess Club"]
[Date "2014.10.30"]
[Round "1"]
[White "JSBach"]
[Black "CairnTerrier"]
[Result "1-0"]
[ICCResult "Black resigns"]
[WhiteElo "1682"]
[BlackElo "1232"]
[Opening "Vienna: `Frankenstein-Dracula' variation"]
[ECO "C27"]
[NIC "VG.02"]
[Time "20:53:45"]
[TimeControl "120+12"]

1. e4 e5 2. Nc3 Nf6 3. Bc4 Nxe4 4. Qh5 Nd6 5. Bb3 Nc6 6. Nb5 g6 7. Qf3 f5 8.
Qd5 Qe7 9. Nxc7+ Kd8 10. Nxa8 b6 11. Ba4 Nd4 12. f4 exf4+ 13. Kf2 Bg7 14. b3
Bb7 15. Nxb6 Bxd5 16. Nxd5 Qe6 17. Nxf4 Qe5 18. Nd3 Qe4 19. Bb2 Nxc2 20.
Bxg7 Re8 21. Bf6+ Kc8 22. Bxd7+ Kxd7 23. Nc5+ {Black resigns} 1-0

[Event "GambitGuide"]
[Site "Internet Chess Club"]
[Date "2014.10.30"]
[Round "1"]
[White "JSBach"]
[Black "chelsee"]
[Result "1-0"]
[ICCResult "Black checkmated"]
[WhiteElo "1682"]
[BlackElo "1706"]
[Opening "Vienna: `Frankenstein-Dracula' variation"]
[ECO "C27"]
[NIC "VG.02"]
[Time "20:52:46"]
[TimeControl "120+12"]

1. e4 e5 2. Nc3 Nf6 3. Bc4 Nxe4 4. Qh5 Nd6 5. Bb3 Nc6 6. Nb5 g6 7. Qf3 f5 8.
Qd5 Qe7 9. Nxc7+ Kd8 10. Nxa8 b6 11. Ba4 Nd4 12. f4 exf4+ 13. Kd1 Qe4 14.
Qxe4 Nxe4 15. Ke1 Bc5 16. c3 Nc6 17. d4 Bd6 18. d5 Na5 19. Bc2 Bb7 20. b4
Bxa8 21. bxa5 Bxd5 22. axb6 axb6 23. Ne2 f3 24. gxf3 Ng5 25. Bxg5+ Kc7 26.
Kf2 Bc5+ 27. Nd4 Bxd4+ 28. cxd4 h6 29. Bb3 Bb7 30. Rhc1+ Kb8 31. Bf4+ Ka7
32. Rc7 Rc8 33. Rxd7 g5 34. Bd5 gxf4 35. Rxb7+ Ka6 36. Rb1 Rc2+ 37. Kg1 Rd2
38. R7xb6+ Ka7 39. Rb7+ Ka6 40. Bc4+ Ka5 41. Ra7# {Black checkmated} 1-0

[Event "GambitGuide"]
[Site "Internet Chess Club"]
[Date "2014.10.30"]
[Round "1"]
[White "JSBach"]
[Black "Honda"]
[Result "1-0"]
[ICCResult "Black resigns"]
[WhiteElo "1682"]
[BlackElo "1481"]
[Opening "Vienna: `Frankenstein-Dracula' variation"]
[ECO "C27"]
[NIC "VG.02"]
[Time "20:53:41"]
[TimeControl "120+12"]

1. e4 e5 2. Nc3 Nf6 3. Bc4 Nxe4 4. Qh5 Nd6 5. Bb3 Nc6 6. Nb5 g6 7. Qf3 f5 8.
Qd5 Qe7 9. Nxc7+ Kd8 10. Nxa8 b6 11. Ba4 Bb7 12. Nxb6 axb6 13. Qb3 Kc7 14.
Ne2 Bg7 15. Qf3 Nd4 16. Qc3+ Nc6 17. O-O Ne4 18. Qe3 Nd6 19. Re1 e4 20. Bb3
h5 21. Nf4 Qf6 22. Nd5+ {Black resigns} 1-0

[Event "GambitGuide"]
[Site "Internet Chess Club"]
[Date "2014.10.30"]
[Round "1"]
[White "JSBach"]
[Black "CairnTerrier"]
[Result "1-0"]
[ICCResult "Black resigns"]
[WhiteElo "1682"]
[BlackElo "1232"]
[Opening "Vienna: `Frankenstein-Dracula' variation"]
[ECO "C27"]
[NIC "VG.02"]
[Time "20:54:28"]
[TimeControl "120+12"]

1. e4 e5 2. Nc3 Nf6 3. Bc4 Nxe4 4. Qh5 Nd6 5. Bb3 Nc6 6. Nb5 g6 7. Qf3 f5 8.
Qd5 Qe7 9. Nxc7+ Kd8 10. Nxa8 b6 11. Ba4 Nd4 12. f4 exf4+ 13. Kd1 Bg7 14. g4
Bb7 15. Nxb6 Bxd5 16. Nxd5 Qe4 17. Nxf4 Qxf4 18. Bb5 Re8 19. Ne2 Nxe2 20.
Bxe2 Qf2 21. Re1 Bf6 22. h3 Bh4 23. c3 Nc8 24. Kc2 Nb6 25. Rf1 Qc5 26. Bd1
Re6 27. b3 Rd6 28. Rb1 Nc8 29. Be2 Ne7 30. Bc4 Nd5 31. d4 Qc6 32. gxf5 gxf5
33. Rxf5 Bf6 34. Rh5 Kc7 35. Bxd5 Qxd5 36. Rxd5 Rxd5 37. Bf4+ {Black
resigns} 1-0

[Event "GambitGuide"]
[Site "Internet Chess Club"]
[Date "2014.10.30"]
[Round "1"]
[White "JSBach"]
[Black "gbpackerfan"]
[Result "1-0"]
[ICCResult "Black resigns"]
[WhiteElo "1682"]
[BlackElo "1643"]
[Opening "Vienna: `Frankenstein-Dracula' variation"]
[ECO "C27"]
[NIC "VG.02"]
[Time "20:55:18"]
[TimeControl "120+12"]

1. e4 e5 2. Nc3 Nf6 3. Bc4 Nxe4 4. Qh5 Nd6 5. Bb3 Nc6 6. Nb5 g6 7. Qf3 f5 8.
Qd5 Qe7 9. Nxc7+ Kd8 10. Nxa8 b6 11. Ba4 Bb7 12. Nxb6 axb6 13. Qb3 b5 14.
Nf3 bxa4 15. Qxa4 Bg7 16. O-O e4 17. Ne1 Qe5 18. d3 exd3 19. Nxd3 Qb5 20.
Qxb5 Nxb5 21. Re1 Nbd4 22. Bg5+ Kc7 23. c3 Nc2 24. Bf4+ Kc8 25. Nc5 Nxa1 26.
Nxb7 Kxb7 27. Rxa1 Re8 28. Rd1 Kc8 29. Kf1 Be5 30. Bxe5 Rxe5 31. a4 Na5 32.
b4 Nc4 33. a5 d5 34. a6 Kb8 35. g3 Ka7 36. b5 Na3 37. f4 Re6 38. Rxd5 Rb6
39. Rd7+ Kb8 40. Rxh7 Nxb5 41. c4 Nc3 42. a7+ Ka8 43. Kf2 Nb5 44. cxb5 Rxb5
45. h4 {Black resigns} 1-0

[Event "GambitGuide"]
[Site "Internet Chess Club"]
[Date "2014.10.30"]
[Round "1"]
[White "JSBach"]
[Black "welmar"]
[Result "1-0"]
[ICCResult "Black resigns"]
[WhiteElo "1677"]
[BlackElo "1451"]
[Opening "Vienna: `Frankenstein-Dracula' variation"]
[ECO "C27"]
[NIC "VG.02"]
[Time "20:55:27"]
[TimeControl "120+12"]

1. e4 e5 2. Nc3 Nf6 3. Bc4 Nxe4 4. Qh5 Nd6 5. Bb3 Nc6 6. Nb5 g6 7. Qf3 f5 8.
Qd5 Qe7 9. Nxc7+ Kd8 10. Nxa8 b6 11. Ba4 Bb7 12. Nxb6 axb6 13. Qb3 Kc7 14.
Ne2 Bg7 15. O-O h5 16. Re1 h4 17. Nf4 Qg5 18. Nd5+ Kb8 19. Qxb6 h3 20. Qc7+
Ka8 21. Nb6+ Ka7 22. g3 Ne4 23. Bxc6 dxc6 24. Qxg7 f4 25. Qxh8 {Black
resigns} 1-0

[Event "GambitGuide"]
[Site "Internet Chess Club"]
[Date "2014.10.30"]
[Round "1"]
[White "JSBach"]
[Black "TravisMcGee"]
[Result "1-0"]
[ICCResult "Black resigns"]
[WhiteElo "1677"]
[BlackElo "1533"]
[Opening "Vienna: `Frankenstein-Dracula' variation"]
[ECO "C27"]
[NIC "VG.02"]
[Time "20:55:32"]
[TimeControl "120+12"]

1. e4 e5 2. Nc3 Nf6 3. Bc4 Nxe4 4. Qh5 Nd6 5. Bb3 Nc6 6. Nb5 g6 7. Qf3 f5 8.
Qd5 Qe7 9. Nxc7+ Kd8 10. Nxa8 b6 11. Ba4 Bb7 12. Nxb6 axb6 13. Qb3 Nd4 14.
Qxb6+ Kc8 15. Kf1 Nc4 16. Qa7 {Black resigns} 1-0

[Event "GambitGuide"]
[Site "Internet Chess Club"]
[Date "2014.10.30"]
[Round "1"]
[White "JSBach"]
[Black "BraafPaard"]
[Result "1-0"]
[ICCResult "Black resigns"]
[WhiteElo "1677"]
[BlackElo "1500"]
[Opening "Vienna: `Frankenstein-Dracula' variation"]
[ECO "C27"]
[NIC "VG.02"]
[Time "20:51:37"]
[TimeControl "120+12"]

1. e4 e5 2. Nc3 Nf6 3. Bc4 Nxe4 4. Qh5 Nd6 5. Bb3 Nc6 6. Nb5 g6 7. Qf3 f5 8.
Qd5 Qe7 9. Nxc7+ Kd8 10. Nxa8 b6 11. Ba4 Nd4 12. f4 Bb7 13. Qxe5 Qxe5+ 14.
fxe5 Ne4 15. c3 Nc6 16. d3 Nc5 17. Bg5+ Kc8 18. Bf6 Rg8 19. Bxc6 Bxc6 20. b4
Nxd3+ 21. Kf1 Bxa8 22. Rd1 Nb2 23. Rb1 Nc4 24. Kf2 Bg7 25. Bxg7 Rxg7 26. Ne2
Re7 27. Nd4 Rxe5 28. Rbf1 Kc7 29. Rc1 a6 30. Rcd1 b5 31. h3 Ne3 32. Rdg1 Nd5
33. Rc1 Nf4 34. Rcg1 Kd6 35. Rd1 Kc7 36. Rhg1 Bd5 37. Rd2 Bc4 38. Kf3 Nd3
39. Rgd1 Re1 40. Rxd3 {Black resigns} 1-0